 Dungeon Crawl Stone Soup version 0.30-a0-777-ga9a30cbeda (webtiles) character file.

Game seed: 1114960586784618166

4024 tilp the Carver (level 10, 0/88 HPs)
             Began as a Meteoran Fighter on Feb 13, 2023.
             Was an Elder of Okawaru.
             Slain by a troll (1 damage)
             ... on level 9 of the Dungeon.
             The game lasted 00:13:55 (2950 turns).

tilp the Carver (Meteoran Fighter)                  Turns: 2950, Time: 00:13:55

Health: 0/88       AC: 11    Str: 18    XL:     10   Next: 76%
Magic:  11/11      EV: 10    Int: 10    God:    Okawaru [****..]
Gold:   444        SH:  6    Dex: 18    Spells: 9/9 levels left

rFire   . . .      SeeInvis .    a - +2 scimitar
rCold   + . .      Faith    .    c - +1 buckler
rNeg    . . .      Spirit   .    e - +0 chain mail
rPois   .          Reflect  .    j - +0 helmet
rElec   .          Harm     .    (no cloak)
rCorr   .          Rampage  .    (no gloves)
Will    ++...                    (no boots) Stlth
                                 (no amulet)
HPRegen 0.34/turn                k - ring of willpower
MPRegen 0.12/turn                r - ring of protection from cold

@: glowing
A: sense surroundings 2, otherworldly, glowing, explore regen
a: Renounce Religion, Heroism, Finesse


You were on level 9 of the Dungeon.
You worshipped Okawaru.
Okawaru was greatly pleased with you.
You visited 2 branches of the dungeon, and saw 10 of its levels.

You collected 444 gold pieces.

Inventory:

Hand Weapons
 a - a +2 scimitar (weapon)
 b - a +2 dagger of electrocution
 t - a +2 dagger of holy wrath
 A - a +0 long sword
Missiles
 g - 15 boomerangs
 o - 3 boomerangs of dispersal
 s - 13 poisoned darts (quivered)
Armour
 c - a +1 buckler (worn)
 e - a +0 chain mail (worn)
 j - a +0 helmet (worn)
 z - the +2 cloak of Yzuif Alie {-Tele Harm rC+++ Stlth+}
   (You found it on level 8 of the Dungeon)

   rC:        It renders you almost immune to cold.
   -Tele:     It prevents most forms of teleportation.
   Harm:      It increases damage dealt and taken.
   Stlth:     It makes you more stealthy.
Jewellery
 i - a ring of flight
 k - a ring of willpower (left hand)
 r - a ring of protection from cold (right hand)
Wands
 l - a wand of digging (4)
 u - a wand of paralysis (20)
Scrolls
 v - a scroll of poison {unknown}
 w - a scroll of amnesia
 x - 2 scrolls of teleportation {unknown}
 y - a scroll of fog
Potions
 f - a potion of cancellation {unknown}
 h - 2 potions of curing
 n - a potion of brilliance {unknown}
 p - 3 potions of flight {unknown}
 q - 4 potions of heal wounds
Miscellaneous
 m - a piece from Xom's chessboard (15/15)


   Skills:
 - Level 8.0 Fighting
 - Level 10.0 Long Blades
 - Level 4.0 Throwing
 - Level 6.0 Armour
 + Level 6.8 Dodging
 - Level 4.0 Stealth
 - Level 4.0 Shields
 - Level 4.0 Evocations


You had 9 spell levels left.
You didn't know any spells.
Your spell library was empty.

Dungeon Overview and Level Annotations

Branches:
Dungeon (9/15) Zot: 2439   Temple (1/1) D:5 Zot: 541
   Lair: D:8-11         Orc: D:9-12

Altars:
Cheibriados
Dithmenos
Elyvilon
Gozag
Makhleb
Nemelex Xobeh
Okawaru
Qazlal
Ru
Sif Muna
Trog
Uskayaw
Wu Jian
Xom
Yredelemnul
Zin
The Shining One

Annotations:
D:5 1 runed translucent door
D:9 Maggie


Innate Abilities, Weirdness & Mutations

You passively map the area around you.
You are easily found by Zot.
You glow in the dark.
You regain HP and MP as you explore.


Message History

You block the bullfrog's attack.
The bullfrog hits you but does no damage.
You slash the bullfrog!
You kill the bullfrog!
Okawaru accepts your kill.
You slash the troll!
The troll is heavily wounded.
You slash the troll!
The troll is severely wounded.
The troll bites you! The troll closely misses you. The troll misses you.
You closely miss the troll.
The troll is severely wounded.
The troll bites you! You block the troll's attack. x2
You hit the troll.
The troll is severely wounded.
The troll bites you! The troll claws you! The troll barely misses you.
You are too injured to fight recklessly!
You are too injured to fight recklessly!
You closely miss the troll.
The troll is severely wounded.
You block the troll's attack. The troll claws you but does no damage.
The troll claws you!
You barely miss the troll.
The troll is severely wounded.
You block the troll's attack. The troll claws you.
* * * LOW HITPOINT WARNING * * *
The troll claws you.
* * * LOW HITPOINT WARNING * * *
You hit the troll.
The troll is severely wounded.
The troll bites you!
* * * LOW HITPOINT WARNING * * *
You block the troll's attack. The troll claws you!
* * * LOW HITPOINT WARNING * * *
You closely miss the troll.
The troll is severely wounded.
The troll bites you!
* * * LOW HITPOINT WARNING * * *
The troll claws you.
You die...

, , ,, ....
...>..##..~≈~.~ , ...
,...........~~.. * ,,..
........~~~~~~. , , *
#. *#.........~≈≈.# , ,
#, ##.###..........≈≈.#
,,
#.##....#...###....≈≈.#
, ~~
#..........##..<#.#≈≈##
* +.......#..##...###
≈# , ..#....@.#.....###
* # , ,
*.^.....T.#....##
,........###.### ,
.......## ### *,
..##... * . *#... * * *
#...* * ###. ,


You could see a troll.

Vanquished Creatures
  A two-headed ogre (D:8)
  Pikel (D:7)
  Psyche (D:8)
  A kobold demonologist (D:9)
  A wyvern (D:8)
  Grum (D:8)
  A water moccasin (D:6)
  An orc warrior (D:8)
  An ice beast (D:6)
  2 black bears
  2 ogres
  2 centaurs
  2 wolves (D:8)
  2 lemures
  3 kobold brigands
  5 bullfrogs
  3 scorpions
  3 wights (D:8)
  2 jellies
  2 orc priests (D:6)
  2 hounds (D:4)
  3 iguanas (D:4)
  An orc wizard (D:8)
  3 gnolls (D:5)
  A shadow imp (D:3)
  2 white imps
  2 ufetubi
  2 dart slugs (D:5)
  25 orcs
  7 endoplasms
  A giant cockroach (D:3)
  3 goblins
  2 jackals (D:3)
  12 kobolds
  3 quokkas
  A ball python (D:3)
  3 bats
  2 frilled lizards (D:3)
112 creatures vanquished.

Notes
Turn   | Place    | Note
-------+----------+-------------------------------------------
     0 | D:1      | tilp the Meteoran Fighter began the quest for the Orb.
     0 | D:1      | Reached XP level 1. HP: 19/19 MP: 2/2
    20 | D:1      | Found a faded altar of an unknown god.
   185 | D:2      | Reached XP level 2. HP: 23/26 MP: 3/3
   262 | D:3      | Reached skill level 1 in Dodging
   262 | D:3      | Reached XP level 3. HP: 16/31 MP: 4/4
   344 | D:3      | Found a shimmering altar of Xom.
   685 | D:3      | You fall into a shaft and drop 3 floors!
   703 | D:6      | Reached skill level 3 in Long Blades
   703 | D:6      | Reached skill level 1 in Throwing
   703 | D:6      | Reached skill level 1 in Stealth
   703 | D:6      | Reached XP level 4. HP: 26/38 MP: 5/5
   721 | D:6      | Noticed a water moccasin
   731 | D:6      | Killed a water moccasin
   732 | D:6      | Reached XP level 5. HP: 20/46 MP: 6/6
   732 | D:6      | Reached XP level 6. HP: 23/52 MP: 7/7
   742 | D:5      | Entered Level 5 of the Dungeon
   759 | D:5      | Reached skill level 4 in Long Blades
   766 | D:5      | Found a glowing silver altar of Zin.
   787 | D:5      | Noticed an ogre
   789 | D:5      | Killed an ogre
   790 | D:5      | Reached XP level 7. HP: 59/59 MP: 8/8
  1244 | D:4      | Reached skill level 5 in Long Blades
  1326 | D:4      | Found a hide-covered altar of Uskayaw.
  1352 | D:4      | Found a white marble altar of Elyvilon.
  1397 | D:5      | Found a runed translucent gate.
  1523 | D:5      | Reached skill level 6 in Long Blades
  1569 | D:6      | Reached skill level 1 in Evocations
  1569 | D:6      | Reached XP level 8. HP: 38/66 MP: 9/9
  1606 | D:5      | Found a staircase to the Ecumenical Temple.
  1619 | Temple   | Entered the Ecumenical Temple
  1647 | Temple   | Became a worshipper of Warmaster Okawaru
  1911 | D:7      | Noticed Pikel
  1963 | D:6      | Reached * piety under Okawaru
  2040 | D:6      | Reached skill level 5 in Fighting
  2154 | D:7      | Gained mutation: You passively map the area around you.
                  | [Meteoran growth]
  2154 | D:7      | Reached XP level 9. HP: 58/74 MP: 10/10
  2201 | D:7      | Reached skill level 7 in Long Blades
  2250 | D:7      | Killed Pikel
  2250 | D:7      | Reached ** piety under Okawaru
  2251 | D:7      | Reached skill level 5 in Armour
  2251 | D:7      | Reached skill level 5 in Dodging
  2298 | D:8      | Found a burning altar of Makhleb.
  2466 | D:8      | Noticed Grum
  2490 | D:8      | Reached skill level 8 in Long Blades
  2506 | D:8      | Killed Grum
  2507 | D:8      | Reached XP level 10. HP: 50/84 MP: 11/11
  2548 | D:8      | Reached *** piety under Okawaru
  2572 | D:9      | Noticed a kobold demonologist
  2573 | D:9      | Noticed Maggie
  2575 | D:9      | Killed a kobold demonologist
  2602 | D:8      | Noticed a two-headed ogre
  2654 | D:8      | Killed a two-headed ogre
  2655 | D:8      | Reached skill level 9 in Long Blades
  2721 | D:8      | Identified the +2 cloak of Yzuif Alie {-Tele Harm rC+++
                  | Stlth+}
  2732 | D:8      | Noticed Psyche
  2743 | D:8      | Killed Psyche
  2743 | D:8      | Reached **** piety under Okawaru
  2808 | D:8      | Reached skill level 10 in Long Blades
  2950 | D:9      | HP: 1/88 [troll (15)]
  2950 | D:9      | Slain by a troll

Illustrated notes

Levels and vault maps discovered:
D:1:      sevenhm_arrival_forest_fort_small_3, layout_basic,
          basic_ecumenical_altar, minmay_liquid_box
D:2:      layout_loops_corners
D:3:      layout_basic, xom_butterflies
D:4:      layout_basic, mainiacjoe_overflow_brackets,
          nicolae_uskayaw_dance_hall, ebering_ghost_rock_garden, minmay_cut_off
D:5:      layout_basic, mainiacjoe_overflow_six_doors_small, temple_hall,
          gammafunk_ghost_necromancy, grunt_decor_cap
D:6:      layout_rooms, grunt_decor_one_mirror
D:7:      layout_rooms, hex_tiny, nicolae_hexahallways, uniq_pikel
D:8:      layout_rooms, demons_altar, uniq_psyche, uniq_grum
D:9:      layout_cave_pools, chequers_temple_overflow_statue_of_worship,
          beargit_hepliaklqana_dungeon_heroes, serial_rivers,
          chequers_serial_rivers_micro_a, chequers_serial_rivers_room_a,
          chequers_serial_rivers_small_3, chequers_serial_rivers_small_3,
          chequers_serial_rivers_micro_a, chequers_serial_rivers_micro_d,
          uniq_maggie
Temple:   chequers_temple_sunken

Skill      XL: |  1  2  3  4  5  6  7  8  9 10 |
---------------+-------------------------------+-----
Dodging        | 1 2 3 4 5 6 |  6.8
Long Blades    | 3 4 6 8 10 | 10.0
Throwing       | 1 2 3 4 |  4.0
Stealth        | 1 2 3 4 |  4.0
Armour         | 4 5 6 |  6.0
Shields        | 4 |  4.0
Fighting       | 4 5 6 8 |  8.0
Evocations     | 1 3 4 |  4.0

Action                     |  1- 3 |  4- 6 |  7- 9 | 10-12 || total
---------------------------+-------+-------+-------+-------++-------
  Melee: Long sword        |    67 |    18 |   305 |    52 ||   442
         Scimitar          |       |       |       |    45 ||    45
  Throw: Stone             |     1 |       |     2 |       ||     3
         Dart              |       |       |     2 |       ||     2
         Boomerang         |       |       |       |     1 ||     1
  Evoke: Wand              |       |       |     5 |     4 ||     9
         Piece from Xom's  |       |       |     1 |       ||     1
    Use: Potion            |       |     1 |       |     1 ||     2
         Scroll            |       |       |     9 |       ||     9
   Stab: Paralysed         |       |       |    15 |     5 ||    20
 Armour: Chain mail        |    26 |     9 |   164 |    44 ||   243
  Dodge: Dodged            |    20 |     4 |   102 |    25 ||   151
  Block: Buckler           |    13 |     4 |   117 |    33 ||   167

Table legend: (Time is in decaauts)
 A = Elapsed time spent in this place.
 B = Non-inter-level travel time spent in this place.
 C = Inter-level travel time spent in this place.
 D = Time resting spent in this place.
 E = Time spent auto-exploring this place.
 F = Levels seen in this place.
 G = Mean time per level.
                   A        B        C        D        E       F      G
               +--------+--------+--------+--------+--------+-----+--------+
         Total |   3018 |   2621 |    397 |      4 |      0 |  10 |  301.8 |
       Dungeon |   2959 |   2589 |    370 |      4 |      0 |   9 |  328.8 |
        Temple |     59 |     33 |     26 |      0 |      0 |   1 |   59.0 |
               +--------+--------+--------+--------+--------+-----+--------+

Top non-repeatable levels by time:
     D:3: 704 daAuts
     D:8: 624 daAuts
     D:6: 440 daAuts
     D:4: 319 daAuts
     D:7: 276 daAuts
     D:5: 260 daAuts
     D:2: 252 daAuts
  Temple: 59 daAuts
     D:9: 45 daAuts
     D:1: 36 daAuts
